| TOP OF THE 1ST |
|
Greensboro Grasshoppers batting - Pitching for Wisconsin Timber Rattlers : LHP Brian Rich
|
|
Pitching: LHP Brian Rich
|
|
|
Batting: RHB Andy Kelly
|
0-0: Foul Ball, location: 2F 0-1: Foul Ball, location: 2F 0-2: Strikes out swinging
|
|
Batting: LHB Angelo Estrella
|
0-0: Ball 1-0: Foul Ball, location: 2F 1-1: Ball 2-1: Ball 3-1: Swinging Strike 3-2: SINGLE (Line Drive, 6D, EV 103.8 MPH)
|
|
Batting: RHB Erik Coleman
|
0-0: Called Strike 0-1: Foul Ball, location: 2F 0-2: Foul Ball, location: 2F 0-2: Ball 1-2: Foul Ball, location: 2F 1-2: Strikes out swinging
|
|
Batting: RHB Miguel Velasco
|
0-0: Ball 1-0: Called Strike 1-1: Ground out 5-3 (Groundball, 56, EV 99.4 MPH)
|
| Top of the 1st over - 0 runs, 1 hit, 0 errors, 1 left on base; Greensboro 0 - Wisconsin 0 |
| BOTTOM OF THE 1ST |
|
Wisconsin Timber Rattlers batting - Pitching for Greensboro Grasshoppers : RHP Alfonso Mier
|
|
Pitching: RHP Alfonso Mier
|
|
|
Batting: RHB Tristan Smeets
|
0-0: Called Strike 0-1: Ball 1-1: Called Strike 1-2: Strikes out swinging
|
|
Batting: SHB C.J. Olivares
|
0-0: Ball 1-0: Ball 2-0: Ball 3-0: Base on Balls
|
|
Batting: RHB Nick Garland
|
0-0: Ball 1-0: Fly out, F9 (Flyball, 9LMF, EV 92.5 MPH)
|
|
Batting: LHB Paul Collins
|
0-0: Called Strike 0-1: Ball 1-1: 2-RUN HOME RUN (Flyball, 9D, EV 96.2 MPH) (Inside the Park)
|
|
Batting: RHB Herb McIntyre
|
0-0: Ball 1-0: Ball 2-0: Ball 3-0: Base on Balls
|
|
Batting: RHB Juan Villanueva
|
0-0: Called Strike 0-1: Called Strike 0-2: Strikes out looking
|
| Bottom of the 1st over - 2 runs, 1 hit, 0 errors, 1 left on base; Greensboro 0 - Wisconsin 2 |
| TOP OF THE 2ND |
|
Greensboro Grasshoppers batting - Pitching for Wisconsin Timber Rattlers : LHP Brian Rich
|
|
Batting: RHB Hiromitsu Yamada
|
0-0: Ball 1-0: DOUBLE (Line Drive, 7LS, EV 90.6 MPH)
|
|
Batting: RHB J.D. Vander Klok
|
0-0: Ball 1-0: Foul Ball, location: 2F 1-1: Ball Wild Pitch! Hiromitsu Yamada to third 2-1: Ball 3-1: SINGLE (Groundball, 56D, EV 96.2 MPH) Hiromitsu Yamada scores
|
|
Batting: RHB Jeremy Dennis
|
0-0: Ball 1-0: Ball 2-0: Called Strike 2-1: SINGLE (Line Drive, 5D, EV 108.1 MPH) J.D. Vander Klok to second
|
|
Batting: LHB Ryan Thompson
|
0-0: Ball 1-0: Ball 2-0: Called Strike 2-1: Foul Ball, location: 2F 2-2: Foul Ball, location: 2F 2-2: Foul Ball, location: 2F 2-2: Ball 3-2: Foul Ball, location: 2F 3-2: Base on Balls J.D. Vander Klok to third Jeremy Dennis to second
|
|
Batting: LHB Justin Blakely
|
0-0: Ball 1-0: Foul Ball, location: 2F 1-1: DOUBLE (Line Drive, 89D, EV 101.9 MPH) J.D. Vander Klok scores Jeremy Dennis scores Ryan Thompson to third
|
|
Batting: RHB Andy Kelly
|
0-0: Ball 1-0: Ball 2-0: Called Strike 2-1: Fly out, F8 (Flyball, 8LD, EV 109.4 MPH) Runner from 3rd tags up, SCORES, throw by CF
|
|
Batting: LHB Angelo Estrella
|
0-0: Ball 1-0: Swinging Strike 1-1: Called Strike 1-2: Ball 2-2: Fly out, F1 (Line Drive, P, EV 67.5 MPH)
|
|
Batting: RHB Erik Coleman
|
0-0: Ball 1-0: Called Strike 1-1: Ball 2-1: Foul Ball, location: 2F 2-2: Foul Ball, location: 2F 2-2: Foul Ball, location: 2F 2-2: Ball 3-2: Strikes out swinging
|
| Top of the 2nd over - 4 runs, 4 hits, 0 errors, 1 left on base; Greensboro 4 - Wisconsin 2 |
| BOTTOM OF THE 2ND |
|
Wisconsin Timber Rattlers batting - Pitching for Greensboro Grasshoppers : RHP Alfonso Mier
|
|
Batting: RHB Mario Lopez
|
0-0: SINGLE (Groundball, 56S, EV 71.9 MPH) (infield hit)
|
|
Batting: RHB Dusty Bates
|
0-0: Called Strike 0-1: Ball 1-1: Called Strike 1-2: Ball 2-2: Ball 3-2: Strikes out swinging
|
|
Batting: RHB Raymond Young
|
0-0: Ball 1-0: Fielders Choice at 2nd, 6-4 (Groundball, 6, EV 83.1 MPH)
|
|
Batting: RHB Tristan Smeets
|
0-0: Ball 1-0: Fielders Choice at 2nd, 6-4 (Groundball, 6, EV 92.5 MPH)
|
| Bottom of the 2nd over - 0 runs, 1 hit, 0 errors, 1 left on base; Greensboro 4 - Wisconsin 2 |
| TOP OF THE 3RD |
|
Greensboro Grasshoppers batting - Pitching for Wisconsin Timber Rattlers : LHP Brian Rich
|
|
Batting: RHB Miguel Velasco
|
0-0: SINGLE (Groundball, P, EV 90.6 MPH) (infield hit)
|
|
Batting: RHB Hiromitsu Yamada
|
0-0: Ball 1-0: Swinging Strike 1-1: Ball Wild Pitch! Miguel Velasco to second 2-1: Foul Ball, location: 2F 2-2: Foul Ball, location: 2F 2-2: Foul Ball, location: 2F 2-2: Strikes out swinging
|
|
Batting: RHB J.D. Vander Klok
|
0-0: Ball 1-0: Fly out, F9 (Flyball, 9S, EV 87.5 MPH)
|
|
Batting: RHB Jeremy Dennis
|
0-0: Swinging Strike 0-1: Ball 1-1: Ball 2-1: Ground out 6-3 (Groundball, 6, EV 85.0 MPH)
|
| Top of the 3rd over - 0 runs, 1 hit, 0 errors, 1 left on base; Greensboro 4 - Wisconsin 2 |
| BOTTOM OF THE 3RD |
|
Wisconsin Timber Rattlers batting - Pitching for Greensboro Grasshoppers : RHP Alfonso Mier
|
|
Batting: SHB C.J. Olivares
|
0-0: Foul Ball, location: 2F 0-1: SINGLE (Groundball, 34D, EV 101.2 MPH)
|
|
Batting: RHB Nick Garland
|
0-0: Ball 1-0: Fly out, F4 (Popup, 4S, EV 71.9 MPH)
|
|
Batting: LHB Paul Collins
|
0-0: Called Strike 0-1: Foul Ball, location: 2F 0-2: Foul Ball, location: 2F 0-2: Strikes out swinging
|
|
Batting: RHB Herb McIntyre
|
0-0: Ball 1-0: Called Strike 1-1: Foul Ball, location: 2F 1-2: Ball 2-2: Ball 3-2: Base on Balls C.J. Olivares to second
|
|
Batting: RHB Juan Villanueva
|
0-0: Ball 1-0: Fly out, F4 (Popup, 3S, EV 78.8 MPH)
|
| Bottom of the 3rd over - 0 runs, 1 hit, 0 errors, 2 left on base; Greensboro 4 - Wisconsin 2 |
| TOP OF THE 4TH |
|
Greensboro Grasshoppers batting - Pitching for Wisconsin Timber Rattlers : LHP Brian Rich
|
|
Batting: LHB Ryan Thompson
|
0-0: Ball 1-0: Ball 2-0: Ball 3-0: Called Strike 3-1: Base on Balls
|
|
Batting: LHB Justin Blakely
|
0-0: Grounds into double play, 6-4-3 (Groundball, 6, EV 95.6 MPH)
|
|
Batting: RHB Andy Kelly
|
0-0: Ground out 6-3 (Groundball, 6, EV 87.5 MPH)
|
| Top of the 4th over - 0 runs, 0 hits, 0 errors, 0 left on base; Greensboro 4 - Wisconsin 2 |
| BOTTOM OF THE 4TH |
|
Wisconsin Timber Rattlers batting - Pitching for Greensboro Grasshoppers : RHP Alfonso Mier
|
|
Batting: RHB Mario Lopez
|
0-0: Fly out, F9 (Flyball, 9D, EV 85.6 MPH)
|
|
Batting: RHB Dusty Bates
|
0-0: Called Strike 0-1: Foul Ball, location: 2F 0-2: SINGLE (Groundball, 6D, EV 94.4 MPH)
|
|
Batting: RHB Raymond Young
|
0-0: Ball 1-0: Swinging Strike 1-1: Foul Ball, location: 2F 1-2: Ball 2-2: Ball 3-2: Grounds into double play, 4-6-3 (Groundball, 4, EV 86.2 MPH)
|
| Bottom of the 4th over - 0 runs, 1 hit, 0 errors, 0 left on base; Greensboro 4 - Wisconsin 2 |
| TOP OF THE 5TH |
|
Greensboro Grasshoppers batting - Pitching for Wisconsin Timber Rattlers : LHP Brian Rich
|
|
Batting: LHB Angelo Estrella
|
0-0: Called Strike 0-1: Foul Ball, location: 2F 0-2: Ball 1-2: Foul Ball, location: 2F 1-2: Strikes out swinging
|
|
Batting: RHB Erik Coleman
|
0-0: Ball 1-0: Ball 2-0: Ball 3-0: Called Strike 3-1: Base on Balls
|
|
Pitching: RHP Jeff Alanis
|
|
|
Batting: RHB Miguel Velasco
|
0-0: Swinging Strike 0-1: Foul Ball, location: 2F 0-2: Ball 1-2: Ball 2-2: Foul Ball, location: 2F 2-2: Foul Ball, location: 2F 2-2: Strikes out swinging
|
|
Batting: RHB Hiromitsu Yamada
|
0-0: Foul Ball, location: 2F 0-1: Ball 1-1: Foul Ball, location: 2F 1-2: Ground out 6-3 (Groundball, 6S, EV 83.8 MPH)
|
| Top of the 5th over - 0 runs, 0 hits, 0 errors, 1 left on base; Greensboro 4 - Wisconsin 2 |
| BOTTOM OF THE 5TH |
|
Wisconsin Timber Rattlers batting - Pitching for Greensboro Grasshoppers : RHP Alfonso Mier
|
|
Batting: RHB Tristan Smeets
|
0-0: Ball 1-0: Ball 2-0: DOUBLE (Line Drive, 78D, EV 108.8 MPH)
|
|
Batting: SHB C.J. Olivares
|
0-0: Called Strike 0-1: Ball 1-1: Foul Ball, location: 2F 1-2: Foul Ball, location: 2F 1-2: Ball 2-2: Ball 3-2: Strikes out swinging
|
|
Batting: RHB Nick Garland
|
0-0: Called Strike 0-1: Ball 1-1: Foul Ball, location: 2F 1-2: Ball 2-2: Ground out U3 (Groundball, 13, EV 81.9 MPH) Tristan Smeets to third
|
|
Batting: LHB Paul Collins
|
0-0: Fly out, F9 (Flyball, 89M, EV 86.2 MPH)
|
| Bottom of the 5th over - 0 runs, 1 hit, 0 errors, 1 left on base; Greensboro 4 - Wisconsin 2 |
| TOP OF THE 6TH |
|
Greensboro Grasshoppers batting - Pitching for Wisconsin Timber Rattlers : RHP Jeff Alanis
|
|
Batting: RHB J.D. Vander Klok
|
0-0: Ball 1-0: Ground out 1-3 (Groundball, 13S, EV 74.4 MPH)
|
|
Batting: RHB Jeremy Dennis
|
0-0: Ball 1-0: Ground out 5-3 (Groundball, 56, EV 103.8 MPH)
|
|
Batting: LHB Ryan Thompson
|
0-0: Ball 1-0: Foul Ball, location: 2F 1-1: Ball 2-1: Ball 3-1: Called Strike 3-2: Foul Ball, location: 2F 3-2: Foul Ball, location: 2F 3-2: Strikes out swinging
|
| Top of the 6th over - 0 runs, 0 hits, 0 errors, 0 left on base; Greensboro 4 - Wisconsin 2 |
| BOTTOM OF THE 6TH |
|
Wisconsin Timber Rattlers batting - Pitching for Greensboro Grasshoppers : RHP Alfonso Mier
|
|
Batting: RHB Herb McIntyre
|
0-0: Called Strike 0-1: SINGLE (Groundball, 56D, EV 107.5 MPH)
|
|
Batting: RHB Juan Villanueva
|
0-0: Ground out 5-3 (Groundball, 56S, EV 93.1 MPH) Herb McIntyre to second
|
|
Batting: RHB Mario Lopez
|
0-0: Ball 1-0: Foul Ball, location: 2F 1-1: SINGLE (Line Drive, 8RS, EV 100.0 MPH) Herb McIntyre to third Runner from 3rd tries for Home, SAFE, throw by CF to home
|
|
Batting: RHB Dusty Bates
|
0-0: Ball 1-0: Ball 2-0: Ball 3-0: Called Strike 3-1: Called Strike 3-2: Strikes out looking
|
|
Pitching: RHP James Bitner
|
|
|
Batting: RHB Raymond Young
|
0-0: Ball 1-0: Ball 2-0: Foul Ball, location: 2F 2-1: SINGLE (Groundball, 34D, EV 100.6 MPH) Mario Lopez to second Runner from 2nd tries for 3rd, SAFE, throw by RF made at trailing runner, OUT! 9-6
|
| Bottom of the 6th over - 1 run, 3 hits, 0 errors, 1 left on base; Greensboro 4 - Wisconsin 3 |
| TOP OF THE 7TH |
|
Greensboro Grasshoppers batting - Pitching for Wisconsin Timber Rattlers : RHP Jeff Alanis
|
|
Pitching: LHP Juan Gonzalez
|
|
|
Batting: LHB Justin Blakely
|
0-0: Foul Ball, location: 2F 0-1: Foul Ball, location: 2F 0-2: Foul Ball, location: 2F 0-2: Strikes out swinging
|
|
Pitching: LHP John Miller
|
|
|
Batting: RHB Andy Kelly
|
0-0: SINGLE (Flyball, 89S, EV 92.5 MPH)
|
|
Batting: LHB Angelo Estrella
|
0-0: Swinging Strike 0-1: Foul Ball, location: 2F 0-2: Ball 1-2: Ball 2-2: DOUBLE (Flyball, 9LD, EV 88.1 MPH) Andy Kelly to third
|
|
Batting: RHB Erik Coleman
|
0-0: Ball 1-0: TRIPLE (Flyball, 78XD, EV 88.8 MPH) Andy Kelly scores Angelo Estrella scores
|
|
Batting: RHB Miguel Velasco
|
0-0: Called Strike 0-1: Ball 1-1: Called Strike 1-2: Ball 2-2: Foul Ball, location: 2F 2-2: Ball 3-2: Foul Ball, location: 2F 3-2: Fly out, F8 (Line Drive, 8RM, EV 103.1 MPH) Runner from 3rd tags up, SCORES, throw by CF
|
|
Batting: RHB Hiromitsu Yamada
|
0-0: Foul Ball, location: 2F 0-1: Ball 1-1: Foul Ball, location: 2F 1-2: DOUBLE (Line Drive, 89M, EV 90.6 MPH)
|
|
Pitching: RHP Julian Urbina
|
|
|
Batting: RHB J.D. Vander Klok
|
0-0: Foul Ball, location: 2F 0-1: Ball 1-1: Foul Ball, location: 2F 1-2: Strikes out swinging
|
| Top of the 7th over - 3 runs, 4 hits, 0 errors, 1 left on base; Greensboro 7 - Wisconsin 3 |
| BOTTOM OF THE 7TH |
|
Wisconsin Timber Rattlers batting - Pitching for Greensboro Grasshoppers : RHP James Bitner
|
|
Batting: RHB Tristan Smeets
|
0-0: Ball 1-0: Called Strike 1-1: Ball 2-1: SINGLE (Line Drive, 78M, EV 98.8 MPH)
|
|
Batting: SHB C.J. Olivares
|
0-0: Sac Bunt to 15 - play at first, batter OUT! 1-3 Tristan Smeets to second
|
|
Batting: RHB Nick Garland
|
0-0: Foul Ball, location: 2F 0-1: Fly out, F3 (Popup, 34, EV 75.6 MPH)
|
|
Batting: LHB Paul Collins
|
0-0: Called Strike 0-1: Foul Ball, location: 2F 0-2: Strikes out swinging
|
| Bottom of the 7th over - 0 runs, 1 hit, 0 errors, 1 left on base; Greensboro 7 - Wisconsin 3 |
| TOP OF THE 8TH |
|
Greensboro Grasshoppers batting - Pitching for Wisconsin Timber Rattlers : RHP Julian Urbina
|
|
Batting: RHB Jeremy Dennis
|
0-0: Called Strike 0-1: Swinging Strike 0-2: Ball 1-2: Strikes out swinging
|
|
Batting: LHB Ryan Thompson
|
0-0: Foul Ball, location: 2F 0-1: Ball 1-1: Ball 2-1: Ball 3-1: Foul Ball, location: 2F 3-2: Strikes out swinging
|
|
Batting: LHB Justin Blakely
|
0-0: Ball 1-0: Ball 2-0: Ball 3-0: Called Strike 3-1: Foul Ball, location: 2F 3-2: Foul Ball, location: 2F 3-2: Strikes out swinging
|
| Top of the 8th over - 0 runs, 0 hits, 0 errors, 0 left on base; Greensboro 7 - Wisconsin 3 |
| BOTTOM OF THE 8TH |
|
Wisconsin Timber Rattlers batting - Pitching for Greensboro Grasshoppers : RHP James Bitner
|
|
Batting: RHB Herb McIntyre
|
0-0: Called Strike 0-1: Ball 1-1: Ball 2-1: Ball 3-1: Foul Ball, location: 2F 3-2: Foul Ball, location: 2F 3-2: Foul Ball, location: 2F 3-2: SOLO HOME RUN (Flyball, 7LD, EV 88.8 MPH), Distance : 338 ft
|
|
Batting: RHB Juan Villanueva
|
0-0: Ball 1-0: Called Strike 1-1: Ball 2-1: Called Strike 2-2: Foul Ball, location: 2F 2-2: SINGLE (Line Drive, 6MD, EV 96.9 MPH)
|
|
Batting: RHB Mario Lopez
|
0-0: Called Strike 0-1: Ball 1-1: Ball 2-1: Foul Ball, location: 2F 2-2: Foul Ball, location: 2F 2-2: Fly out, F9 (Flyball, 89D, EV 100.6 MPH)
|
|
Batting: RHB Dusty Bates
|
0-0: Called Strike 0-1: Foul Ball, location: 2F 0-2: Ball 1-2: Ball 2-2: Strikes out looking
|
|
Batting: RHB Raymond Young
|
0-0: Ball 1-0: Foul Ball, location: 2F 1-1: Ground out 4-3 (Groundball, 13, EV 88.1 MPH)
|
| Bottom of the 8th over - 1 run, 2 hits, 0 errors, 1 left on base; Greensboro 7 - Wisconsin 4 |
| TOP OF THE 9TH |
|
Greensboro Grasshoppers batting - Pitching for Wisconsin Timber Rattlers : RHP Julian Urbina
|
|
Batting: RHB Andy Kelly
|
0-0: Ball 1-0: Called Strike 1-1: Called Strike 1-2: Ball 2-2: Ball 3-2: Base on Balls
|
|
Batting: LHB Angelo Estrella
|
0-0: Fly out, F7 (Flyball, 78D, EV 88.1 MPH)
|
|
Batting: RHB Erik Coleman
|
0-0: Ball 1-0: Called Strike 1-1: Ball 2-1: Ball 3-1: Swinging Strike 3-2: Foul Ball, location: 2F 3-2: Base on Balls Andy Kelly to second
|
|
Batting: RHB Miguel Velasco
|
0-0: Called Strike 0-1: Ball 1-1: Reached on error, E6 (Groundball, 6, EV 86.9 MPH) Andy Kelly to third Erik Coleman to second
|
|
Batting: RHB Hiromitsu Yamada
|
0-0: Ball 1-0: Called Strike 1-1: Called Strike 1-2: Ball 2-2: Strikes out swinging
|
|
Batting: RHB J.D. Vander Klok
|
0-0: Called Strike 0-1: Foul Ball, location: 2F 0-2: Strikes out looking
|
| Top of the 9th over - 0 runs, 0 hits, 1 error, 3 left on base; Greensboro 7 - Wisconsin 4 |
| BOTTOM OF THE 9TH |
|
Wisconsin Timber Rattlers batting - Pitching for Greensboro Grasshoppers : RHP James Bitner
|
|
Pitching: RHP Dan Durand
|
|
|
Batting: LHB Tyler Francis
|
0-0: Called Strike 0-1: Ball 1-1: Foul Ball, location: 2F 1-2: SINGLE (Line Drive, 78M, EV 98.1 MPH)
|
|
Batting: SHB C.J. Olivares
|
0-0: Swinging Strike 0-1: Ball 1-1: Ground out 4-3 (Groundball, 13, EV 86.2 MPH) Tyler Francis to second
|
|
Batting: RHB Nick Garland
|
0-0: Called Strike 0-1: Ball 1-1: Swinging Strike 1-2: Ball 2-2: Ground out 5-3 (Groundball, 5S, EV 91.9 MPH)
|
|
Batting: LHB Paul Collins
|
0-0: Swinging Strike 0-1: Foul Ball, location: 2F 0-2: Strikes out swinging
|
| Bottom of the 9th over - 0 runs, 1 hit, 0 errors, 1 left on base; Greensboro 7 - Wisconsin 4 |
|